 Dungeon Crawl Stone Soup version 0.28.0-53-g5a82cb258f (webtiles) character file.

Game seed: 1327137669584286338

317 NinjaNoafa the Cruncher (level 6, -2/60 HPs)
             Began as a Gnoll Wanderer on Aug 17, 2022.
             Was an Initiate of Gozag.
             Slain by a gnoll
             ... wielding a +0 club
              (3 damage)
             ... on level 4 of the Dungeon on Aug 18, 2022.
             The game lasted 00:07:59 (3804 turns).

NinjaNoafa the Cruncher (Gnoll Wanderer)            Turns: 3804, Time: 00:08:01

Health: -2/60      AC: 23    Str: 10    XL:     6   Next: 44%
Magic:  9/9        EV:  2    Int: 11    God:    Gozag
Gold:   203        SH:  0    Dex: 15    Spells: 9/9 levels left

rFire   . . .      SeeInvis .   a - +1 quarterstaff (vorpal)
rCold   + . .      Faith    .   (shield currently unavailable)
rNeg    . . .      Spirit   .   (armour currently unavailable)
rPois   +          Reflect  .   (helmet currently unavailable)
rElec   .          Harm     .   (cloak currently unavailable)
rCorr   .          Rampage  .   (gloves currently unavailable)
Will    .....      NoTele   +   (boots currently unavailable)
Stlth   +.........              (no amulet)
HPRegen 0.20/turn               u - ring of protection from cold
MPRegen 0.11/turn               (no ring)

@: tree-form, silenced, gold aura
A: stationary, stasis, torment immunity, boosted hp, (fangs 1), strong nose,
distributed training, (iridescent scales 1), frail 2
a: Renounce Religion


You were on level 4 of the Dungeon.
You worshipped Gozag.
Gozag was aware of your devotion.
You were a tree.
You visited 1 branch of the dungeon, and saw 4 of its levels.

You collected 291 gold pieces.
You paid 88 gold pieces to Gozag.

Inventory:

Hand Weapons
 a - a +1 vorpal quarterstaff (weapon)
 d - a +0 dagger
 o - a +0 whip of holy wrath
Missiles
 c - 10 poisoned darts (quivered)
 m - 34 stones
 q - 5 boomerangs of dispersal
Armour
 e - a +0 robe (melded)
 i - a +0 pair of boots (melded)
Jewellery
 g - a ring of fire
 u - a ring of protection from cold (left branch)
Wands
 p - a wand of polymorph (5)
Scrolls
 h - a scroll of immolation
 s - 2 scrolls of vulnerability
Potions
 b - a potion of attraction


   Skills:
 + Level 5.0 Fighting
 + Level 2.0 Short Blades
 + Level 2.0 Long Blades
 + Level 2.0 Axes
 + Level 2.0 Maces & Flails
 + Level 2.0 Polearms
 + Level 8.7 Staves
 + Level 2.0 Slings
 + Level 2.0 Bows
 + Level 2.0 Crossbows
 + Level 6.8 Throwing
 + Level 3.2 Armour
 + Level 2.0 Dodging
 + Level 2.0 Stealth
 + Level 2.0 Shields
 + Level 2.0 Unarmed Combat
 + Level 2.0 Spellcasting
 + Level 1.5 Conjurations
 + Level 1.5 Hexes
 + Level 1.5 Summonings
 + Level 1.5 Necromancy
 + Level 1.5 Translocations
 + Level 1.5 Transmutations
 + Level 1.5 Fire Magic
 + Level 1.5 Ice Magic
 + Level 1.5 Air Magic
 + Level 1.5 Earth Magic
 + Level 1.5 Poison Magic
 + Level 2.1 Invocations
 + Level 2.0 Evocations


You had 9 spell levels left.
You didn't know any spells.
Your spell library contained the following spells:

 Spells                   Type           Power      Damage    Failure   Level
 Ensorcelled Hibernation  Hex/Ice        8%         N/A       24%         2
 Spider Form              Tmut/Pois      4%         N/A       43%         3
 Anguish                  Hex/Necr       2%         N/A       83%         4


Dungeon Overview and Level Annotations

Branches:
Dungeon (4/15)
 Temple: D:4-7

Altars:
Gozag


Innate Abilities, Weirdness & Mutations

You are a tree.
Your roots penetrate the ground, keeping you stationary.
You cannot be teleported.
You are immune to unholy pain and torment.
Your maximum health is greatly increased.
Your equipment is partially melded.
((You have very sharp teeth.))
Your uncanny sense of smell can sniff out nearby items.
Your experience applies equally to all skills.
((You are partially covered in iridescent scales. (AC +2)))
You are very frail. (-20% HP)


Message History

The gnoll closely misses you.
The gnoll looks more healthy.
As you read the scroll of identify, it crumbles to dust.
h - a scroll of immolation The gnoll hits you from afar with a +0 spear.
As you read the scroll labelled PUAROCSY ZOON, it crumbles to dust.
A profound silence engulfs you.
It was a scroll of silence.
The gnoll hits you from afar with a +0 spear.
The gnoll barely misses you.
You closely miss the gnoll. You bite the gnoll, but do no damage.
The gnoll barely misses you.
The gnoll hits you from afar with a +0 spear.
The gnoll barely misses you. x2
The gnoll hits you from afar with a +0 spear!
* * * LOW HITPOINT WARNING * * *
The gnoll hits you from afar with a +0 spear.
* * * LOW HITPOINT WARNING * * *
The gnoll misses you.
Really quaff the potion of lignification?
You turn into a tree.
Your +0 pair of boots melds into your body.
Your +0 robe melds into your body.
Your roots penetrate the ground.
The gnoll hits you but does no damage.
You hit the gnoll.
The gnoll is lightly wounded.
The gnoll completely misses you.
The gnoll shaman hits you with a +0 whip.
* * * LOW HITPOINT WARNING * * *
The gnoll is distracted by your dazzling golden aura.
The gnoll hits you but does no damage. x2
Okay, then.
You barely miss the gnoll.
The gnoll is lightly wounded.
The gnoll hits you but does no damage.
The gnoll shaman hits you but does no damage.
The gnoll hits you from afar with a +0 spear.
* * * LOW HITPOINT WARNING * * *
The gnoll hits you with a +0 club.
You die...
Your body crumbles into a pile of gold.

...######.....#
#....#..)...# ...#
#.....#....#....'.)....#
..<#
#.....#....#....#......#
...#
#.....#....##+###......#
...#
#.....#....#.....<.....#
...#
#.....#....#.............
...#
#.....#....#.............
...#
#.....#....#.............
...#
#.....#g♣g.'.....######..
...# #....##.g..#.....#
.. ...# #.gg.#.....# ...#
#....#.....# ...#
#....#.....# ...#
+....#.....# ...#
#.$..#.....# ...#
#....#.....# ...# #....#


You could see a gnoll shaman and 4 gnolls.

Vanquished Creatures
  A sky beast (D:3)
  The ghost of Wentworth the Grasshopper, a weakling GnWr (D:3)
  An iguana (D:4)
  4 gnolls (D:4)
  4 adders
  2 worms (D:2)
  A dart slug (D:1)
  2 orcs (D:3)
  9 ball pythons
  5 bats
  7 endoplasms
  3 giant cockroaches
  5 goblins (D:1)
  9 hobgoblins
  3 quokkas
  2 frilled lizards
  4 kobolds
  7 rats
70 creatures vanquished.

Notes
Turn   | Place    | Note
-------+----------+-------------------------------------------
     0 | D:1      | NinjaNoafa the Gnoll Wanderer began the quest for the Orb.
     0 | D:1      | NinjaNoafa set off with the following items: a +0 vorpal
                  | quarterstaff, a potion of attraction, 8 poisoned darts, a
                  | +0 dagger, a +0 robe
     0 | D:1      | Reached XP level 1. HP: 20/20 MP: 1/1
    73 | D:1      | Reached XP level 2. HP: 13/26 MP: 2/2
   637 | D:1      | Reached XP level 3. HP: 25/31 MP: 3/3
  1121 | D:1      | Reached skill level 1 in Invocations
  1315 | D:2      | Reached skill level 1 in Short Blades
  1315 | D:2      | Reached skill level 1 in Long Blades
  1315 | D:2      | Reached skill level 1 in Axes
  1315 | D:2      | Reached skill level 1 in Maces & Flails
  1315 | D:2      | Reached skill level 1 in Polearms
  1315 | D:2      | Reached skill level 1 in Slings
  1315 | D:2      | Reached skill level 1 in Bows
  1315 | D:2      | Reached skill level 1 in Crossbows
  1315 | D:2      | Reached skill level 1 in Dodging
  1315 | D:2      | Reached skill level 1 in Stealth
  1315 | D:2      | Reached skill level 1 in Shields
  1315 | D:2      | Reached skill level 1 in Unarmed Combat
  1315 | D:2      | Reached skill level 1 in Spellcasting
  1315 | D:2      | Reached skill level 1 in Evocations
  1315 | D:2      | Reached XP level 4. HP: 38/38 MP: 5/5
  1615 | D:2      | You fall into a shaft and drop 2 floors!
  1621 | D:4      | Reached skill level 1 in Conjurations
  1621 | D:4      | Reached skill level 1 in Hexes
  1621 | D:4      | Reached skill level 1 in Summonings
  1621 | D:4      | Reached skill level 1 in Necromancy
  1621 | D:4      | Reached skill level 1 in Translocations
  1621 | D:4      | Reached skill level 1 in Transmutations
  1621 | D:4      | Reached skill level 1 in Fire Magic
  1621 | D:4      | Reached skill level 1 in Ice Magic
  1621 | D:4      | Reached skill level 1 in Air Magic
  1621 | D:4      | Reached skill level 1 in Earth Magic
  1621 | D:4      | Reached skill level 1 in Poison Magic
  1794 | D:3      | Reached XP level 5. HP: 27/43 MP: 6/6
  2073 | D:3      | Found a runed translucent gate.
  2160 | D:3      | Found a runed translucent gate.
  2160 | D:3      | Found a runed translucent gate.
  2161 | D:3      | Found an opulent altar of Gozag.
  2162 | D:3      | Noticed Wentworth's ghost (weakling GnWr)
  2162 | D:3      | Noticed a sky beast
  2189 | D:3      | Gained mutation: You are partially covered in iridescent
                  | scales. (AC +2) [potion of mutation]
  2189 | D:3      | Gained mutation: You are frail. (-10% HP) [potion of
                  | mutation]
  2189 | D:3      | Gained mutation: You are very frail. (-20% HP) [potion of
                  | mutation]
  2975 | D:3      | Killed Wentworth's ghost
  3354 | D:3      | Killed a sky beast
  3355 | D:3      | Reached XP level 6. HP: 33/40 MP: 8/8
  3478 | D:3      | Became a worshipper of Gozag Ym Sagoz the Greedy
  3560 | D:4      | Reached skill level 5 in Fighting
  3804 | D:4      | HP: 1/60 [gnoll/+0 spear (5)]
  3804 | D:4      | Slain by a gnoll

Illustrated notes

Levels and vault maps discovered:
D:1:      dpeg_arrival_short_road, layout_loops_ring
D:2:      layout_basic
D:3:      layout_loops_ring, ebering_ghost_gozag, minmay_misc_feat_roman,
          fountainhead, minmay_circle_x
D:4:      layout_gridville, kennysheep_little_box, minmay_distorted

Skill      XL: |  1  2  3  4  5  6 |
---------------+-------------------+-----
Invocations    | 1 2 |  2.1
Short Blades   | 1 2 |  2.0
Long Blades    | 1 2 |  2.0
Axes           | 1 2 |  2.0
Maces & Flails | 1 2 |  2.0
Polearms       | 1 2 |  2.0
Slings         | 1 2 |  2.0
Bows           | 1 2 |  2.0
Crossbows      | 1 2 |  2.0
Dodging        | 1 2 |  2.0
Stealth        | 1 2 |  2.0
Shields        | 1 2 |  2.0
Unarmed Combat | 1 2 |  2.0
Spellcasting   | 1 2 |  2.0
Evocations     | 1 2 |  2.0
Conjurations   | 1 |  1.5
Hexes          | 1 |  1.5
Summonings     | 1 |  1.5
Necromancy     | 1 |  1.5
Translocations | 1 |  1.5
Transmutations | 1 |  1.5
Fire Magic     | 1 |  1.5
Ice Magic      | 1 |  1.5
Air Magic      | 1 |  1.5
Earth Magic    | 1 |  1.5
Poison Magic   | 1 |  1.5
Armour         | 3 |  3.2
Fighting       | 5 |  5.0
Staves         | |  8.7
Throwing       | |  6.8

Action                   |  1- 3 |  4- 6 || total
-------------------------+-------+-------++-------
Melee: Quarterstaff      |    70 |    99 ||   169
       Bite              |     6 |    13 ||    19
Throw: Dart              |     5 |    14 ||    19
       Stone             |       |     2 ||     2
  Use: Scroll            |       |     9 ||     9
       Potion            |       |     5 ||     5
 Stab: Sleeping          |     1 |     4 ||     5
Armor: Robe              |    13 |    27 ||    40
       Skin              |       |     5 ||     5
Dodge: Dodged            |    46 |    72 ||   118
